 Dungeon Crawl Stone Soup version 0.27.1-2-g3b301248ec (webtiles) character file.

Game seed: 11192255111522543686

64 babuloseo the Ruffian (level 4, -3/38 HPs)
             Began as a Naga Transmuter on Sept 30, 2021.
             Was a Follower of Sif Muna.
             Shot with an arrow by a centaur (8 damage)
             ... on level 3 of the Dungeon.
             The game lasted 00:04:33 (3211 turns).

babuloseo the Ruffian (Naga Transmuter)             Turns: 3211, Time: 00:04:33

Health: -3/38      AC:  2    Str: 13    XL:     4   Next: 12%
Magic:  6/7        EV:  9    Int: 14    God:    Sif Muna [*.....]
Gold:   109        SH:  0    Dex: 11    Spells: 1/7 levels left

rFire    . . .     SeeInvis +     - Unarmed
rCold    . . .     Faith    .   (no shield)
rNeg     . . .     Spirit   .   a - +0 robe
rPois    +         Reflect  .   (helmet currently unavailable)
rElec    .         Harm     .   (no cloak)
rCorr    .         Rampage  .   (no gloves)
Will     .....                  (no barding)
Stlth    +.........             (no amulet)
HPRegen  0.12/turn              (no ring)
MPRegen  0.10/turn              (no ring)

@: appendages (expiring), flying, very slightly contaminated, invisible, very
slow
A: horns 2, AC +1, large, see invisible, deformed body, poison resistance,
slowness 2, spit poison 1, naga tail 1
a: Spit Poison, End Transformation, Renounce Religion, Channel Magic


You were on level 3 of the Dungeon.
You worshipped Sif Muna.
Sif Muna was aware of your devotion.
You had temporarily grown beastly horns.
You visited 1 branch of the dungeon, and saw 3 of its levels.

You collected 109 gold pieces.

Inventory:

Armour
 a - a +0 robe (worn)
Scrolls
 b - a scroll of fog {unknown}
 e - a scroll of identify {unknown}
 f - a scroll of amnesia {unknown}
 h - a scroll of teleportation {unknown}
 i - a scroll of vulnerability {unknown}


   Skills:
 + Level 1.0 Fighting
 + Level 1.6 Dodging
 - Level 0.3 Stealth
 * Level 4.1 Unarmed Combat
 + Level 2.3 Spellcasting
 * Level 2.5 Transmutations
 * Level 0.7 Poison Magic


You had one spell level left.
You knew the following spells:

 Your Spells              Type           Power      Damage    Failure   Level
a - Beastly Appendage     Tmut           16%        N/A       9%          1
b - Wereblood             Tmut           8%         N/A       12%         2
c - Spider Form           Tmut/Pois      3%         N/A       34%         3

Your spell library contained the following spells:

 Spells                   Type           Power      Damage    Failure   Level
 Ice Form                 Ice/Tmut       5%         N/A       80%         4


Dungeon Overview and Level Annotations

Branches:
Dungeon (3/15)

Altars:
Sif Muna
Yredelemnul
The Shining One

Shops:
D:1 !


Innate Abilities, Weirdness & Mutations

You have temporarily grown beastly horns.
Your serpentine skin is tough. (AC +1)
You have supernaturally acute eyesight. (SInv)
Armour fits poorly on your strangely shaped body.
Your system is resistant to poisons. (rPois)
You cover ground very slowly.
You can spit poison.
You have a snake-like lower body.


Message History

The centaur kicks you but does no damage.
You barely miss the centaur.
The centaur is heavily wounded.
Your transformation is almost over.
The bat hits you but does no damage. The centaur hits you.
* * * LOW HITPOINT WARNING * * *
The centaur kicks you but does no damage.
Unknown command.
It was a potion of invisibility.
You fade into invisibility!
The bat hits you but does no damage. The centaur barely misses you.
The centaur closely misses you. x2
The centaur kicks you but does no damage.
You are very lightly contaminated with residual magic.
It was a potion of curing.
You feel better. The bat hits you. The centaur hits you.
* * * LOW HITPOINT WARNING * * *
The centaur kicks you.
* * * LOW HITPOINT WARNING * * *
It was a potion of flight.
You feel very buoyant.
You fly up into the air.
The bat hits you but does no damage.
The centaur hits you but does no damage.
The centaur kicks you.
* * * LOW HITPOINT WARNING * * *
The bat hits you.
* * * LOW HITPOINT WARNING * * *
The centaur closely misses you. x2
Casting: Beastly Appendage (safe; 9% risk of failure)
Confirm with . or Enter, or press ? or * to list all spells.
The spell is quite dangerous to cast (34% risk of failure)!
Continue anyway?
Okay, then.
You have got your breath back.
The centaur looks more healthy.
The bat barely misses you. The centaur hits you.
* * * LOW HITPOINT WARNING * * *
The centaur kicks you but does no damage.
The bat closely misses you.
The centaur wields a +0 shortbow.
The centaur shoots an arrow.
The arrow hits you!
You die...

..# ..# #.# #. #.# ..
#.#### #. .....# ##
#.######## .8...# ...
#..<.....# .._..#..#
#........# .8.....#
#..@....# ......##
#.b.....# ##.#######
#####.....#
...........#.....c...#
##.#######.#.###.....#
.....# #.. ..#.....#
..).^# #.#####.#.....#
.....# #.......#.....#
.....###.#####.#.#####


You could see a centaur and a bat.

Vanquished Creatures
  An adder zombie (D:3)
  A worm (D:1)
  2 dart slugs (D:2)
  4 bats
  7 endoplasms
  A giant cockroach (D:2)
  4 goblins
  7 hobgoblins
  3 jackals (D:2)
  A kobold (D:3)
  A quokka (D:1)
  5 ball pythons
  4 frilled lizards
  A giant cockroach zombie (D:3)
  A quokka zombie (D:3)
  4 rats
47 creatures vanquished.

Notes
Turn   | Place    | Note
-------+----------+-------------------------------------------
     0 | D:1      | babuloseo the Naga Transmuter began the quest for the Orb.
     0 | D:1      | Reached XP level 1. HP: 18/18 MP: 3/3
   481 | D:1      | Reached XP level 2. HP: 17/25 MP: 3/5
   484 | D:1      | Learned a level 2 spell: Wereblood
   812 | D:1      | Found Omarhawn's Distillery.
  1745 | D:1      | Reached XP level 3. HP: 7/31 MP: 4/6
  2149 | D:2      | Learned a level 3 spell: Spider Form
  2811 | D:3      | Found a glowing golden altar of the Shining One.
  2903 | D:3      | Found a basalt altar of Yredelemnul.
  2916 | D:3      | Reached skill level 4 in Unarmed Combat
  2919 | D:3      | Reached XP level 4. HP: 28/38 MP: 7/7
  3082 | D:3      | Found a faded altar of an unknown god.
  3099 | D:3      | Became a worshipper of Sif Muna the Loreminder
  3099 | D:3      | Reached * piety under Sif Muna
  3200 | D:3      | Noticed a centaur
  3211 | D:3      | Shot with an arrow by a centaur

Illustrated notes

Levels and vault maps discovered:
D:1:      eino_arrival_water_star, layout_basic, serial_shops, shop_fountains
D:2:      layout_loops_ring, serial_bayou_crossing
D:3:      layout_rooms, nicolae_yredelemnul_corpse_copse, tso_metal_star,
          nicolae_overflow_hidden_temple, dreamdust_ecumenical_altar_statues,
          minmay_door_square, minmay_misc_feat_ornament

Skill      XL: |  1  2  3 |
---------------+----------+-----
Unarmed Combat | 4 |  4.1
Fighting       | |  1.0
Dodging        | |  1.6
Stealth        | |  0.3
Spellcasting   | |  2.3
Transmutations | |  2.5
Poison Magic   | |  0.7

Action                   |  1- 3 |  4- 6 || total
-------------------------+-------+-------++-------
Melee: Unarmed           |   139 |    18 ||   157
       Headbutt          |     9 |     1 ||    10
       Punch             |     2 |       ||     2
 Cast: Beastly Appendage |    14 |     2 ||    16
       Wereblood         |       |     1 ||     1
 Abil: Spit Poison       |     3 |     1 ||     4
  Use: Potion            |       |     3 ||     3
Armor: Robe              |    32 |    21 ||    53
Dodge: Dodged            |    56 |    17 ||    73
